 Dungeon Crawl Stone Soup version 0.30-a0-743-gbfdf073431 (webtiles) character file.

Game seed: 17331980204549234265

3528 timneilson the Shield-Bearer (level 10, 0/60 HPs)
             Began as a Gargoyle Fighter on Feb 5, 2023.
             Was an Elder of Okawaru.
             Slain by a killer bee (6 damage)
             ... on level 10 of the Dungeon.
             The game lasted 00:13:55 (6832 turns).

timneilson the Shield-Bearer (Gargoyle Fighter)     Turns: 6832, Time: 00:13:55

Health: 0/60       AC: 20    Str: 20    XL:     10   Next: 8%
Magic:  13/13      EV:  8    Int:  9    God:    Okawaru [****..]
Gold:   316        SH:  7    Dex: 13    Spells: 9/9 levels left

rFire   . . .      SeeInvis .    a - +0 long sword (freeze)
rCold   . . .      Faith    .    c - +1 buckler
rNeg    + . .      Spirit   .    m - +0 chain mail
rPois   ∞          Reflect  .    (no helmet)
rElec   +          Harm     .    t - +0 cloak
rCorr   +          Rampage  .    j - +0 pair of gloves
Will    +....                    (no boots) Stlth
                                 (no amulet)
HPRegen 0.30/turn                i - ring of resist corrosion
MPRegen 0.13/turn                e - ring of willpower

@: no status effects
A: sickness immunity, AC +7, negative energy resistance 1, electricity
resistance, torment resistance 1, petrification resistance
a: Renounce Religion, Heroism, Finesse


You were on level 10 of the Dungeon.
You worshipped Okawaru.
Okawaru was greatly pleased with you.
You visited 2 branches of the dungeon, and saw 10 of its levels.

You collected 504 gold pieces.
You spent 188 gold pieces at shops.

Inventory:

Hand Weapons
 a - a +0 long sword of freezing (weapon)
Missiles
 y - a throwing net (quivered)
Armour
 c - a +1 buckler (worn)
 j - a +0 pair of gloves (worn)
 m - a +0 chain mail (worn)
 t - a +0 cloak (worn)
Jewellery
 d - a ring of flight
 e - a ring of willpower (right hand)
 i - a ring of resist corrosion (left hand)
 A - a ring of positive energy
 D - a +4 ring of protection
Wands
 n - a wand of polymorph (3)
 x - a wand of flame (12)
Scrolls
 b - 2 scrolls of teleportation
 s - a scroll of enchant armour
 u - a scroll of poison
 v - a scroll of magic mapping
Potions
 f - 3 potions of cancellation
 g - a potion of mutation
 h - a potion of flight {unknown}
 k - a potion of experience {unknown}
 l - a potion of brilliance {unknown}
 o - 5 potions of curing
 p - a potion of haste
 q - 2 potions of magic
 r - a potion of ambrosia {unknown}
 z - a potion of berserk rage {unknown}
 B - a potion of might


   Skills:
 + Level 5.9 Fighting
 * Level 6.1 Long Blades
 * Level 7.8 Armour
 + Level 3.3 Dodging
 * Level 7.9 Shields
 + Level 4.2 Invocations
 + Level 3.4 Evocations


You had 9 spell levels left.
You didn't know any spells.
Your spell library contained the following spells:

 Spells                   Type           Power      Damage    Failure   Level
 Necrotise                Necr           0%         1d4       99%         1
 Passwall                 Tmut/Erth      0%         N/A       99%         2
 Vampiric Draining        Necr           0%         2d6       100%        3
 Passage of Golubria      Tloc           0%         N/A       100%        4
 Agony                    Necr           0%         N/A       100%        5
 Borgnjor's Vile Clutch   Necr/Erth      0%         N/A       100%        5
 Yara's Violent Unravell  Hex/Tmut       0%         3d3       100%        5
 Tukima's Dance           Hex            Unusable   N/A       N/A         3
 Statue Form              Tmut/Erth      Unusable   N/A       N/A         6

Dungeon Overview and Level Annotations

Branches:
Dungeon (8/15)             Temple (1/1) D:4             Orc (0/2) D:10
   Lair: D:8-11

Altars:
Ashenzari
Cheibriados
Dithmenos
Elyvilon
Fedhas
Gozag
Hepliaklqana
Kikubaaqudgha
Makhleb
Nemelex Xobeh
Okawaru
Sif Muna
Trog
Uskayaw
Vehumet
Wu Jian
Xom
Zin
The Shining One

Shops:
D:1 *   D:4 [   D:5 *   D:10 [


Innate Abilities, Weirdness & Mutations

You are immune to sickness and miasma.
Your stone body is resilient. (AC +7)
You are immune to poison.
You resist negative energy. (rN+)
You are resistant to electric shocks. (rElec)
You are resistant to unholy torment.
You are immune to petrification.


Message History

A killer bee comes into view.
The killer bee barely misses you. The centaur hits you.
* * * LOW HITPOINT WARNING * * *
The centaur closely misses you.
You completely miss the centaur.
The centaur is lightly wounded.
You block the killer bee's attack.
The centaur hits you but does no damage.
The centaur kicks you.
* * * LOW HITPOINT WARNING * * *
The killer bee stings you but does no damage.
The centaur hits you but does no damage.
The centaur kicks you but does no damage.
You block the killer bee's attack.
You hit the centaur. You freeze the centaur.
The centaur is moderately wounded.
The killer bee closely misses you.
The killer bee stings you but does no damage.
You block the centaur's attack.
The centaur kicks you but does no damage.
The killer bee stings you.
* * * LOW HITPOINT WARNING * * *
The killer bee stings you but does no damage.
The centaur barely misses you.
The centaur kicks you but does no damage.
The killer bee stings you.
* * * LOW HITPOINT WARNING * * *
You block the centaur's attack. The centaur barely misses you.
You block the killer bee's attack.
The killer bee stings you but does no damage.
You hit the centaur. You freeze the centaur.
The centaur is heavily wounded.
The killer bee stings you.
* * * LOW HITPOINT WARNING * * *
You block the killer bee's attack. The centaur hits you.
* * * LOW HITPOINT WARNING * * *
You block the centaur's attack.
The killer bee stings you but does no damage.
The killer bee stings you.
You die...

,,,,**,,,,.,,,,,,,,,* **>*######
,,,,,,,,,,..,,,,,,,,#####+##.)...
,,,,,,,,,....,,,,,,,#........###.
,,,,,,,,,.....,*****#.)......#,..
,,,,,,,,,....yy######........#.##
,,,,,,,,,.!........##........#.*,
,,,,,,,,,.....###y...........#,*,
,,,,,,,,,,,,,#.yy#...........#,,,
,,,,,,,****,,#.c@#...........#***
,,,,,,,* *,,#...#...........#
,,,,,,,* *...###............#
*****,,* #...,.....#........#***
*,,* ###*#######.........,,* *,,*
#........**,, *,,* *,,,,,,,,****
*,,* *,,,,,,,,* *+** **********


You could see a centaur and 3 killer bees.

Vanquished Creatures
  A two-headed ogre (D:10)
  A komodo dragon (D:8)
  A wraith (D:10)
  A water moccasin (D:6)
  A sky beast (D:6)
  2 orc warriors
  A black bear (D:6)
  An ice beast (D:5)
  An ogre (D:4)
  A kobold brigand (D:6)
  4 bullfrogs
  2 necrophages (D:6)
  3 scorpions
  3 wights (D:7)
  3 killer bees (D:7)
  3 howler monkeys
  An orc priest (D:6)
  4 jellies
  A gnoll bouda (D:6)
  5 hounds
  Crazy Yiuf (D:7)
  An iguana (D:5)
  10 orc wizards
  6 gnolls
  9 adders
  A shadow imp (D:6)
  2 ufetubi
  A worm (D:2)
  2 dart slugs
  24 orcs
  8 bats
  7 endoplasms
  4 giant cockroaches
  4 goblins
  5 hobgoblins
  5 jackals
  3 quokkas
  9 ball pythons
  3 frilled lizards (D:1)
  15 kobolds
  8 rats
168 creatures vanquished.

Vanquished Creatures (others)
  An orc wizard (D:5)
  3 fungi (D:8)
  A plant (D:8)
5 creatures vanquished.

Grand Total: 173 creatures vanquished

Notes
Turn   | Place    | Note
-------+----------+-------------------------------------------
     0 | D:1      | timneilson the Gargoyle Fighter began the quest for the
                  | Orb.
     0 | D:1      | Reached XP level 1. HP: 14/14 MP: 1/1
    66 | D:1      | Reached XP level 2. HP: 17/19 MP: 2/2
   383 | D:1      | Found Iseriof's Assorted Antiques.
   411 | D:1      | Reached XP level 3. HP: 23/23 MP: 3/3
   651 | D:2      | Found a faded altar of an unknown god.
   905 | D:2      | Reached XP level 4. HP: 26/28 MP: 4/4
  1160 | D:2      | Got the Papyrus of the Mantle
  1677 | D:3      | Found a burning altar of Makhleb.
  1719 | D:3      | Found a sparkling altar of Nemelex Xobeh.
  1866 | D:3      | Found a hazy altar of Hepliaklqana.
  2247 | D:4      | Found a staircase to the Ecumenical Temple.
  2262 | Temple   | Entered the Ecumenical Temple
  2500 | Temple   | Became a worshipper of Warmaster Okawaru
  2540 | D:4      | Reached XP level 5. HP: 30/33 MP: 5/5
  2558 | D:4      | Noticed an ogre
  2564 | D:4      | Killed an ogre
  2565 | D:4      | Reached skill level 1 in Dodging
  2576 | D:4      | Reached XP level 6. HP: 38/38 MP: 6/6
  3227 | D:4      | Found Coipumaf's Armour Shop.
  3339 | D:5      | Entered Level 5 of the Dungeon
  3421 | D:5      | Found the +6 shillelagh "Devastator" {shatter}
  3485 | D:5      | Reached skill level 1 in Invocations
  3644 | D:5      | Reached * piety under Okawaru
  3759 | D:5      | Noticed an ice beast
  3776 | D:5      | Killed an ice beast
  3777 | D:5      | Reached skill level 5 in Armour
  3777 | D:5      | Reached skill level 5 in Shields
  3777 | D:5      | Reached XP level 7. HP: 43/43 MP: 5/8
  3853 | D:5      | Found a blossoming altar of Fedhas.
  4029 | D:5      | Found Zun Lop's General Store.
  4034 | D:5      | Bought a scroll of brand weapon for 123 gold pieces
  4034 | D:5      | Bought a scroll of identify for 26 gold pieces
  4034 | D:5      | Bought a potion of curing for 39 gold pieces
  4070 | D:5      | Reached skill level 1 in Evocations
  4385 | D:6      | Found a radiant altar of Vehumet.
  4500 | D:6      | Reached ** piety under Okawaru
  4550 | D:6      | Reached XP level 8. HP: 24/48 MP: 9/9
  5058 | D:6      | Reached *** piety under Okawaru
  5134 | D:6      | Found a white marble altar of Elyvilon.
  5235 | D:6      | Reached skill level 5 in Fighting
  5521 | D:7      | Reached skill level 5 in Long Blades
  5521 | D:7      | Reached XP level 9. HP: 54/54 MP: 11/11
  5842 | D:7      | Found a runed translucent door.
  5843 | D:7      | Noticed Crazy Yiuf
  5887 | D:7      | Found an ancient bone altar of Kikubaaqudgha.
  6016 | D:7      | Reached **** piety under Okawaru
  6409 | D:7      | Killed Crazy Yiuf
  6500 | D:8      | Noticed a komodo dragon
  6513 | D:8      | Killed a komodo dragon
  6513 | D:8      | Received a gift from Okawaru
  6765 | D:8      | You fall into a shaft and drop 2 floors!
  6765 | D:10     | Entered Level 10 of the Dungeon
  6769 | D:10     | Noticed a two-headed ogre
  6782 | D:10     | Killed a two-headed ogre
  6783 | D:10     | Reached XP level 10. HP: 19/60 MP: 9/13
  6819 | D:10     | Identified the +5 mace of Adisinnubrui {holy, rC+ Int+3}
  6825 | D:10     | Found Zinn's Specialty Armours.
  6832 | D:10     | Slain by a killer bee

Illustrated notes

Levels and vault maps discovered:
D:1:      ebering_trefoil_twist, layout_rooms, serial_shops, shop,
          minmay_misc_feat_encased, minmay_three_crescents
D:2:      layout_loops_ring, shapermc_ecumenical_altar_totnotflames,
          minmay_misc_feat_hallway
D:3:      layout_basic, old_standard_altar, mainiacjoe_overflow_catwalk_spiral,
          serial_bayou_pond_e
D:4:      layout_basic, temple_pool_b, serial_shops,
          nicolae_shop_temple_entry_statues_fountains,
          small_statue_intersection, minmay_misc_feat_alley
D:5:      layout_loops_ring, lemuel_crystal_altar, serial_shops,
          kennysheep_little_box
D:6:      layout_loops_cross, minivault_22, hangedman_feature_mirror
D:7:      layout_basic, kiku_gazebo_pond_becter, kennysheep_generic_room_14,
          uniq_crazy_yiuf_cottage
D:8:      layout_loops_ring, lemuel_zombie_altar_yredelemnul,
          mainiacjoe_overflow_alcove_4, grunt_lair_entry_orc_guard_hut
D:10:     layout_basic, erik_orc_4, enter_bailey_8, serial_curves,
          eino_curves_03, eino_curves_01, eino_curves_03, nicolae_barding_shop,
          uniq_sonja, uniq_joseph
Temple:   dpeg_chambers_temple

Skill      XL: |  1  2  3  4  5  6  7  8  9 |
---------------+----------------------------+-----
Long Blades    | 2 3 4 5 6 |  6.1
Shields        | 4 5 6 7 |  7.9
Armour         | 4 5 6 7 |  7.8
Dodging        | 1 2 3 |  3.3
Fighting       | 4 5 |  5.9
Invocations    | 1 2 3 4 |  4.2
Evocations     | 1 2 3 |  3.4

Action                     |  1- 3 |  4- 6 |  7- 9 | 10-12 || total
---------------------------+-------+-------+-------+-------++-------
  Melee: Long sword        |   131 |   225 |   465 |    33 ||   854
 Invoke: Heroism           |       |     1 |     2 |       ||     3
    Use: Scroll            |     6 |     5 |     8 |       ||    19
         Potion            |       |     2 |     4 |       ||     6
 Armour: Scale mail        |    91 |    35 |       |       ||   126
         Chain mail        |       |   104 |   359 |    25 ||   488
  Dodge: Dodged            |    90 |    75 |   178 |    13 ||   356
  Block: Buckler           |    46 |    62 |   177 |    18 ||   303

Table legend: (Time is in decaauts)
 A = Elapsed time spent in this place.
 B = Non-inter-level travel time spent in this place.
 C = Inter-level travel time spent in this place.
 D = Time resting spent in this place.
 E = Time spent auto-exploring this place.
 F = Levels seen in this place.
 G = Mean time per level.
                   A        B        C        D        E       F      G
               +--------+--------+--------+--------+--------+-----+--------+
         Total |   7013 |   6682 |    331 |    194 |   4592 |  10 |  701.3 |
       Dungeon |   6762 |   6477 |    285 |    194 |   4401 |   9 |  751.3 |
        Temple |    251 |    205 |     46 |      0 |    191 |   1 |  251.0 |
               +--------+--------+--------+--------+--------+-----+--------+

Top non-repeatable levels by time:
     D:7: 1254 daAuts
     D:6: 1146 daAuts
     D:5: 1002 daAuts
     D:4: 869 daAuts
     D:2: 847 daAuts
     D:3: 819 daAuts
     D:1: 613 daAuts
  Temple: 251 daAuts
     D:8: 141 daAuts
    D:10: 68 daAuts
